 Dungeon Crawl Stone Soup version 0.18.1-6-gd335043 (webtiles) character file.

3663 mistymad the Fighter (level 9, -4/127 HPs)
             Began as a Minotaur Berserker on May 16, 2016.
             Was an Elder of Trog.
             Slain by a komodo dragon (21 damage)
             ... on level 9 of the Dungeon.
             The game lasted 00:36:02 (9957 turns).

mistymad the Fighter (Minotaur Berserker)           Turns: 9957, Time: 00:36:02

Health: -4/127     AC:  7    Str: 31    XL:     9   Next: 89%
Magic:  8/8        EV: 13    Int:  4    God:    Trog [****..]
Gold:   249        SH:  4    Dex:  9    Spells: 0 memorised, 8 levels left

rFire  + . .     SeeInvis .     a - +0 hand axe
rCold  . . .     Gourm    .     m - +0 scale mail {rC+}
rNeg   . . .     Faith    .     G - +0 buckler
rPois  .         Spirit   .     (helmet restricted)
rElec  .         Dismiss  .     (no cloak)
rCorr  .         Reflect  .     e - +0 pair of gloves
SustAt +         Harm     .     j - +0 pair of boots
MR     ++...     Rnd*Rage +     (no amulet)
Stlth  ..........               F - ring of sustain attributes
                                A - ring of fire (curse)

@: berserking, regenerating, very quick, very resistant to hostile enchantments,
extremely unstealthy
A: retaliatory headbutt, horns 2, berserk 1, blurry vision 1, deformed body,
MP-powered wands
a: Berserk, Trog's Hand, Brothers in Arms, Burn Spellbooks, Renounce Religion


You were on level 9 of the Dungeon.
You worshipped Trog.
Trog was greatly pleased with you.
You were hungry.

You visited 2 branches of the dungeon, and saw 10 of its levels.
You also visited: Sewer and Ossuary.

You collected 371 gold pieces.
You spent 122 gold pieces at shops.

Inventory:

Hand Weapons
 a - a +0 hand axe (weapon)
Armour
 e - a +0 pair of gloves (worn)
 j - a +0 pair of boots (worn)
 m - a +0 scale mail of cold resistance (worn)
 G - a +0 buckler (worn)
Jewellery
 h - an uncursed ring of flight
 t - an uncursed ring of see invisible
 A - a cursed ring of fire (left hand)
 F - a ring of sustain attributes (right hand)
Wands
 v - a wand of flame (27/48)
 C - a wand of slowing (29/48)
 J - a wand of flame (0/48)
Scrolls
 b - 4 scrolls of identify
 c - a scroll of enchant weapon
 d - 7 scrolls of teleportation
 f - 8 scrolls of remove curse
 g - 3 scrolls of fog
 o - 4 scrolls of immolation
 w - 3 scrolls of enchant armour
 y - 2 scrolls of recharging
 D - 3 scrolls of fear
 K - a scroll of random uselessness {unknown}
 M - a scroll of acquirement {unknown}
Potions
 i - a potion of agility
 k - a potion of ambrosia
 l - 3 potions of cure mutation
 n - 5 potions of flight {unknown}
 p - 4 potions of heal wounds
 q - a potion of berserk rage {unknown}
 r - a potion of invisibility {unknown}
 s - 7 potions of haste {unknown}
 u - 3 potions of magic {unknown}
 x - 7 potions of curing
 z - 2 potions of degeneration {unknown}
 B - 2 potions of brilliance {unknown}
 H - 3 potions of might {unknown}
Comestibles
 E - 3 meat rations
 I - 3 fruits
 L - a bread ration
 N - 2 chunks of flesh


   Skills:
 + Level 9.7 Fighting
 + Level 9.2 Axes
 + Level 8.1 Armour
 + Level 7.2 Dodging
 * Level 4.0 Shields


You had 8 spell levels left.
You didn't know any spells.

Dungeon Overview and Level Annotations

Branches:
Dungeon (9/15)             Temple (1/1) D:4            Lair (0/8) D:9
    Orc: D:9-12

Altars:
Ashenzari
Cheibriados
Dithmenos
Elyvilon
Fedhas
Gozag
Kikubaaqudgha
Makhleb
Nemelex Xobeh
Okawaru
Pakellas
Ru
Sif Muna
Trog
Vehumet
Xom
Yredelemnul
Zin
The Shining One

Shops:
D:5 :*!!


Innate Abilities, Weirdness & Mutations

You reflexively headbutt those who attack you in melee.
You have a pair of horns on your head.
You tend to lose your temper in combat.
Scrolls take you a little longer to read.
Armour fits poorly on your strangely shaped body.
You expend magic power (3 MP) to strengthen your wands.


Message History

The plant is moderately damaged.
You hit the plant but do no damage.
The plant is heavily damaged.
You block the komodo dragon's attack.
You hit the komodo dragon.
The komodo dragon is lightly wounded.
You hit the plant but do no damage.
The plant is heavily damaged.
You hit the plant.
The plant is moderately damaged.
The komodo dragon bites you!!
Your skin crawls.
You feel resistant to hostile enchantments.
You feel slightly more hungry. The komodo dragon bites you!!
* * * LOW HITPOINT WARNING * * *
A red film seems to cover your vision as you go berserk!
You feel yourself moving faster!
You feel mighty!
You are feeling hungry.
The komodo dragon bites you!!
You die... ########### ##PPPPPPPPP## ##PPPPPP...PP#

######.P.PPP..>.PP#
.........PPPP..PPP#
.<........P.P.PPPP#
#!..@l.PP.PP#
##(..P..P..##
###.....### ###.###
#..# # ##.#### #
#.....# ## #.....#
.# #.....#


You could see a komodo dragon.

Vanquished Creatures
  Sigmund (D:4)
  Menkaure (D:4)
  A water moccasin (D:7)
  An orc warrior (D:8)
  A wasp (D:8)
  3 sky beasts
  A phantom (D:9)
  4 ice beasts
  A necrophage (D:5)
  4 ogres
  A centaur (D:8)
  A crocodile (D:8)
  3 giant frogs
  A wyvern skeleton (D:6)
  A water moccasin skeleton (D:7)
  6 killer bees
  An electric eel (D:8)
  7 crimson imps
  2 jellies
  3 orc priests
  3 hounds
  Natasha (twice) (D:2)
  An iguana (D:8)
  5 orc wizards
  6 worker ants
  A hound skeleton (D:5)
  3 mummies (Ossuary)
  2 worker ant zombies
  A howler monkey skeleton (D:5)
  12 adders
  A river rat (D:6)
  An adder zombie (D:8)
  2 adder skeletons
  3 worms (D:2)
  3 dart slugs
  2 giant geckos
  20 orcs
  5 bats
  7 giant cockroaches
  3 gnoll zombies (Ossuary)
  14 goblins
  5 hobgoblins
  16 jackals
  3 quokkas (D:5)
  10 ball pythons
  A giant gecko skeleton (D:4)
  9 giant newts
  2 gnoll skeletons (Ossuary)
  A goblin zombie (Ossuary)
  4 hobgoblin skeletons (Ossuary)
  2 hobgoblin zombies (Ossuary)
  13 kobolds
  3 kobold skeletons (Ossuary)
  5 kobold zombies (Ossuary)
  5 orc skeletons (Ossuary)
  6 orc zombies (Ossuary)
  14 rats
  4 rat skeletons (Ossuary)
  4 rat zombies (Ossuary)
248 creatures vanquished.

Vanquished Creatures (others)
  Natasha (D:2)
  A mummy (Ossuary)
  A gnoll zombie (Ossuary)
  3 goblin skeletons (Ossuary)
  A goblin zombie (Ossuary)
  3 kobold skeletons (Ossuary)
  A kobold zombie (Ossuary)
  An orc skeleton (Ossuary)
  An orc zombie (Ossuary)
  A plant (D:9)
14 creatures vanquished.

Grand Total: 262 creatures vanquished

Notes
Turn   | Place    | Note
--------------------------------------------------------------
     0 | D:1      | mistymad the Minotaur Berserker began the quest for the Orb.
     0 | D:1      | Reached XP level 1. HP: 19/19 MP: 0/0
   200 | D:1      | Reached XP level 2. HP: 27/27 MP: 1/1
   507 | D:1      | Reached ** piety under Trog
   519 | D:1      | Reached XP level 3. HP: 31/34 MP: 2/2
   872 | D:2      | Killed Natasha
   873 | D:2      | Noticed Natasha
   885 | D:2      | Killed Natasha
  1086 | D:2      | Reached XP level 4. HP: 41/41 MP: 3/3
  1180 | D:2      | Noticed Natasha
  1190 | D:2      | Killed Natasha
  1190 | D:2      | Reached skill level 5 in Fighting
  1519 | D:2      | Found a white marble altar of Elyvilon.
  2151 | D:3      | Reached XP level 5. HP: 44/48 MP: 4/4
  2167 | D:3      | Reached *** piety under Trog
  2289 | D:3      | Found an oddly glowing altar of Pakellas.
  2289 | D:3      | Found a deep blue altar of Sif Muna.
  2289 | D:3      | Found an iron altar of Okawaru.
  2289 | D:3      | Found a sacrificial altar of Ru.
  2296 | D:3      | Found an ancient bone altar of Kikubaaqudgha.
  2296 | D:3      | Found a snail-covered altar of Cheibriados.
  2788 | D:4      | Noticed Sigmund
  2802 | D:4      | Killed Sigmund
  2802 | D:4      | Reached skill level 5 in Axes
  2802 | D:4      | Reached XP level 6. HP: 57/57 MP: 5/5
  2912 | D:4      | Found a sand-covered staircase.
  2916 | Ossuary  | Entered an ossuary
  3820 | D:4      | Reached XP level 7. HP: 47/64 MP: 6/6
  4066 | D:4      | Noticed Menkaure
  4073 | D:4      | Killed Menkaure
  4168 | D:4      | Found a staircase to the Ecumenical Temple.
  4182 | Temple   | Entered the Ecumenical Temple
  4593 | D:5      | Entered Level 5 of the Dungeon
  4717 | D:5      | Reached skill level 5 in Armour
  4935 | D:5      | Found Migeth's Book Shoppe.
  5019 | D:5      | Reached skill level 5 in Dodging
  5174 | D:5      | Found Emmib's General Store.
  5178 | D:5      | Bought a scroll of identify for 26 gold pieces
  5279 | D:5      | Found Qadey's Distillery.
  5383 | D:5      | Reached XP level 8. HP: 72/73 MP: 7/7
  5748 | D:5      | Found Mifevie's Distillery.
  5763 | D:5      | Bought a potion of heal wounds for 60 gold pieces
  5763 | D:5      | Bought a potion of curing for 36 gold pieces
  6128 | D:6      | Reached **** piety under Trog
  6393 | D:6      | Found a glowing drain.
  6419 | Sewer    | Entered a sewer
  7137 | D:7      | Found a glowing silver altar of Zin.
  7337 | D:7      | Reached XP level 9. HP: 68/83 MP: 8/8
  7586 | D:7      | Reached skill level 1 in Shields
  7591 | D:7      | Found a basalt altar of Yredelemnul.
  7593 | D:7      | Noticed a profane servitor
  7610 | D:7      | Found a glowing golden altar of the Shining One.
  7612 | D:7      | Noticed an angel
  7915 | D:7      | Found a burning altar of Makhleb.
  7916 | D:7      | Found a radiant altar of Vehumet.
  9884 | D:9      | Gained mutation: Scrolls take you a little longer to read. [mutagenic meat]
  9885 | D:9      | Gained mutation: Armour fits poorly on your strangely shaped body. [mutagenic meat]
  9886 | D:9      | Lost mutation: Scrolls take you a little longer to read. [mutagenic meat]
  9887 | D:9      | Gained mutation: You tend to lose your temper in combat. [mutagenic meat]
  9888 | D:9      | Gained mutation: Scrolls take you a little longer to read. [mutagenic meat]
  9889 | D:9      | Gained mutation: You expend magic power (3 MP) to strengthen your wands. [mutagenic meat]
  9932 | D:9      | Found a staircase to the Lair.
  9934 | D:9      | Noticed a komodo dragon
  9957 | D:9      | Slain by a komodo dragon

Skill      XL: |  1  2  3  4  5  6  7  8  9 |
---------------+----------------------------+-----
Fighting       | 4 5 6 7 9 |  9.7
Axes           | 4 5 6 7 9 |  9.2
Armour         | 3 4 5 6 8 |  8.1
Dodging        | 3 4 5 6 7 |  7.2
Shields        | 4 |  4.0

Action                   |  1- 3 |  4- 6 |  7- 9 || total
-------------------------+-------+-------+-------++-------
Melee: Hand axe          |    68 |   194 |   429 ||   691
       Headbutt          |     6 |    41 |    96 ||   143
Invok: Trog's Hand       |       |     2 |     7 ||     9
       Berserk           |       |     1 |     5 ||     6
  Use: Scroll            |       |     9 |     6 ||    15
  Eat: Chunk             |     1 |     6 |    22 ||    29
       Bread ration      |       |     1 |     2 ||     3
Armor: Leather armour    |    12 |     5 |       ||    17
       Ring mail         |       |    36 |    47 ||    83
       Scale mail        |       |       |   113 ||   113
Dodge: Dodged            |    48 |   102 |   238 ||   388
Block: Buckler           |       |       |    31 ||    31
